AoeStats
← Bandolero

Arabia

508282331Analyzed
1v1 RM · 10d ago on Sep 21, 2026· 42m 58s· 2 players
Game mode
Random Map
Map size
Tiny (2 player)
Population
200
Speed
Normal
Resources
Standard
Victory
Conquest
Starting age
Dark Age
Ending age
Imperial Age
RankedLock teamsTeams togetherTeam positionsShared explorationLock speedFull tech treeHidden civsTurbo modeCheats
Victory
Defeat
🇨🇱 Britons · Chile
1326
+18
🇦🇷 Maya · Argentina
1360
-18
ncurottoe
9:00 Feudal Age
9:04 Man-at-Arms
9:43 Loom
10:09 Double-Bit Axe
19:12 Castle Age
17:11 Horse Collar
17:48 Fletching
18:53 Padded Archer Armor
18:51 Gold Mining
19:17 Crossbowman
20:02 Bodkin Arrow
21:47 Bow Saw
22:50 Leather Archer Armor
25:18 Ballistics
28:47 Gold Shaft Mining
28:05 Elite Skirmisher
29:40 Wheelbarrow
35:48 Imperial Age
33:58 Stone Mining
35:05 Hand Cart
35:46 Heavy Plow
36:08 Arbalester
36:25 Long Swordsman
37:57 Bracer
39:31 Forging
40:08 Yeomen
39:18 Two-Handed Swordsman
41:52 Scale Mail Armor
43:31 Chain Mail Armor
43:52 Iron Casting
Bandolero
0:26 Loom
9:05 Feudal Age
9:59 Double-Bit Axe
14:16 Fletching
21:45 Castle Age
20:02 Gold Mining
20:45 Padded Archer Armor
21:47 Crossbowman
22:36 Bodkin Arrow
23:18 Leather Archer Armor
23:01 Stone Mining
34:10 Wheelbarrow
37:50 Imperial Age
35:41 Scale Mail Armor
36:38 Forging
36:19 Town Watch
36:26 Eagle Warrior
37:33 Chain Mail Armor
38:06 Squires
38:42 Iron Casting
38:25 Bow Saw
39:10 Plate Mail Armor
39:03 Elite Eagle Warrior
41:08 Blast Furnace
40:48 Conscription
Connection lost

Rejoining the realm…

Still unreachable

The connection could not be restored.

Session expired

The server has moved on; the page needs a fresh start.